cohdb
Replays
Latest Replays
All Replays
Popular Replays
Top Player Replays
Match Explorer
How It Works
Community
CoH3 Stats
Reddit
Sign in to upload your games and track your stats! →
Sign in with Steam
Match 39535847
Unlisted
Match 39535847
Overview
Messages
Build Orders
End
Kradschützen Motorcycle Team
Selects Panzerjäger Kommand Battlegroup
Selects Blockade Equipment
Panzergrenadier Squad
Panzergrenadier Squad
Construct Light Support Kompanie
2.5-tonne Medical Truck
MG34 Team
Construct Mechanized Kompanie
Panzergrenadier Squad
8 Rad Armored Car
Panzerjäger Mechanized Group
Selects Defensive Positions
Selects Butterfly Bomb Drop
Veteran Squad Leaders
Selects Tank Busters
Construct Panzerarmee Kommand
Panzergrenadier Squad
Emergency Repair Kits
Panzer III L Medium Tank
Butterfly Bomb Drop
Panzer III L Medium Tank
Panzer III L Medium Tank
Tungsten Core Ammunition
Selects Crew Shock Tactics
Selects Elefant Tank Destroyer
Panzergrenadier Squad
Elefant Tank Destroyer
Panzergrenadier Squad
BigTiddyLebron
kreumat
Flame Of Udûn
make-tea-not-war
0
0
Comments
sign in to comment!
No comments posted yet!